 Dungeon Crawl Stone Soup version 0.32-a0-886-g41c5271027 (webtiles) character file.

Game seed: 4166999742313153483

83842 Biggs the Marksgoblin (level 15, -17/122 HPs)
             Began as a Coglin Hunter on Apr 2, 2024.
             Was the Champion of Okawaru.
             Succumbed to a sea snake's poison
             ... on level 2 of the Lair of Beasts.
             The game lasted 00:43:43 (21594 turns).

Biggs the Marksgoblin (Coglin Hunter)              Turns: 21594, Time: 00:43:44

Health: -17/122    AC: 15    Str: 11    XL:     15   Next: 78%
Magic:  21/21      EV: 19    Int: 11    God:    Okawaru [******]
Gold:   1333       SH:  0    Dex: 23    Spells: 14/14 levels left

rFire   + . .        M - +2 hand cannon (freeze) {Nittaya}
rCold   + . .        g - +1 hand cannon (heavy) {Navbir}
rNeg    . . .        S - +1 troll leather armour
rPois   .            v - +2 helmet
rElec   .            L - +2 cloak {Will+}
rCorr   .            m - +2 pair of gloves
SInv    .            F - +0 pair of boots
Will    ++...        (amulet unavailable)
Stlth   ++           (ring unavailable)
HPRegen 1.20/turn    (ring unavailable)
MPRegen 0.17/turn    K - neodymium gigamatrix {rF+ rC+ Clar RMsl}

%: repel missiles, clarity
@: lethally poisoned (-17 -> -72), revving
A: off-hand wielding, slow wielding, warmup strikes, no jewellery
a: Renounce Religion, Heroism, Finesse, Duel


You were on level 2 of the Lair of Beasts.
You worshipped Okawaru.
Okawaru was exalted by your worship.
You visited 5 branches of the dungeon, and saw 20 of its levels.
You also visited: Gauntlet and Ice Cave.

You collected 2468 gold pieces.
You spent 1135 gold pieces at shops.

Inventory:

Hand Weapons
 a - a +6 sling of freezing {Francisco}
 d - a +0 sling {Jeff}
 g - a +1 heavy hand cannon (offhand) {Navbir}
 M - a +2 hand cannon of freezing (weapon) {Nittaya}
Armour
 m - a +2 pair of gloves (worn)
 v - a +2 helmet (worn)
 F - a +0 pair of boots (worn)
 L - a +2 cloak of willpower (worn)
 O - +0 swamp dragon scales
 P - a +1 ring mail of poison resistance
 S - a +1 troll leather armour (worn)
Gizmo
 K - a neodymium gigamatrix (installed) {rF+ rC+ Clar RMsl}
   (You invented it yourself on level 5 of the Lair of Beasts)

   [neodymium gigamatrix]

   rF+:       It protects you from fire.
   rC+:       It protects you from cold.
   Clar:      It protects you from confusion, rage, mesmerisation and fear.
   RMsl:      It protects you from missiles.
Wands
 r - a wand of paralysis (13)
 s - a wand of mindburst (10)
 y - a wand of roots (5)
 I - a wand of light (10)
 J - a wand of flame (7)
Scrolls
 b - 3 scrolls of butterflies
 c - a scroll of torment
 f - 2 scrolls of blinking
 j - 4 scrolls of fog
 k - 7 scrolls of immolation
 l - 6 scrolls of noise
 q - 6 scrolls of vulnerability
 t - 4 scrolls of teleportation
 x - 6 scrolls of amnesia
 C - 4 scrolls of poison
 D - a scroll of identify
 G - a scroll of silence
Potions
 e - 17 potions of curing
 h - 6 potions of lignification
 n - 5 potions of enlightenment
 o - 4 potions of heal wounds
 p - 4 potions of might
 u - 5 potions of resistance
 w - 3 potions of mutation
 z - 2 potions of brilliance {unknown}
 A - 2 potions of magic {unknown}
 B - 2 potions of degeneration {unknown}
 H - 2 potions of haste {unknown}
 N - a potion of attraction
Miscellaneous
 i - a lightning rod (4/4)


   Skills:
 + Level 12.4 Fighting
 - Level 18.0 Ranged Weapons
 - Level 4.7 Armour
 - Level 10.5 Dodging
 - Level 0.7 Stealth
 - Level 8.0 Invocations
 - Level 5.0 Evocations


You had 14 spell levels left.
You didn't know any spells.
Your spell library contained the following spells:

 Spells                   Type           Power      Damage    Failure   Level
 Magic Dart               Conj           0%         1d3       41%         1
 Necrotise                Necr           0%         1d4       41%         1
 Blink                    Tloc           0%         N/A       56%         2
 Cigotuvi's Dreadful Rot  Necr/Alch/Air  0%         N/A       56%         2
 Lesser Beckoning         Tloc           0%         N/A       56%         2
 Momentum Strike          Conj/Tloc      0%         3d8       56%         2
 Scorch                   Fire           0%         2d5       56%         2
 Searing Ray              Conj           0%         2d4       56%         2
 Sublimation of Blood     Necr           0%         N/A       56%         2
 Dazzling Flash           Conj/Hex       0%         N/A       80%         3
 Hailstorm                Conj/Ice       0%         3d5       80%         3
 Mephitic Cloud           Conj/Alch/Air  0%         N/A       80%         3
 Ozocubu's Armour         Ice            0%         N/A       80%         3
 Stone Arrow              Conj/Erth      0%         3d7       80%         3
 Vampiric Draining        Necr           0%         2d6       80%         3
 Cause Fear               Hex            0%         N/A       99%         4
 Dispel Undead            Necr           0%         3d6       99%         4
 Flame Wave               Conj/Fire      0%         2d4       99%         4
 Fulminant Prism          Conj/Alch      0%         3d5       99%         4
 Passage of Golubria      Tloc           0%         N/A       99%         4
 Petrify                  Alch/Erth      0%         N/A       99%         4
 Curse of Agony           Necr           0%         N/A       100%        5
 Fireball                 Conj/Fire      0%         3d3       100%        5
 Freezing Cloud           Conj/Ice/Air   0%         6-21      100%        5
 Irradiate                Conj/Alch      0%         3d11      100%        5
 Metabolic Englaciation   Hex/Ice        0%         N/A       100%        5
 Silence                  Hex/Air        0%         N/A       100%        5
 Permafrost Eruption      Ice/Erth       0%         2x4d1     100%        6
 Starburst                Conj/Fire      0%         6d3       100%        6
 Ozocubu's Refrigeration  Ice            0%         4d7       100%        7
 Lehudib's Crystal Spear  Conj/Erth      0%         10d2      100%        8
 Maxwell's Capacitive Co  Air            0%         ∞         100%        8
 Polar Vortex             Ice            0%         N/A       100%        9
 Summon Ice Beast         Ice/Summ       Unusable   N/A       N/A         3
 Animate Armour           Summ/Erth      Unusable   N/A       N/A         4
 Martyr's Knell           Necr/Summ      Unusable   N/A       N/A         4
 Sculpt Simulacrum        Ice/Alch       Unusable   N/A       N/A         6
 Summon Cactus Giant      Summ           Unusable   N/A       N/A         6
 Dragon's Call            Summ           Unusable   N/A       N/A         9

Dungeon Overview and Level Annotations

Branches:
Dungeon (11/15)            Temple (1/1) D:4            Lair (5/5) D:8
 Shoals (1/4) Lair:2       Spider (0/4) Lair:2        Slime (0/5) Lair:4
    Orc (2/2) D:10            Elf (0/3) Orc:2         IceCv (visited)
Gauntlet (visited)

Altars:
Ashenzari
Cheibriados
Dithmenos
Elyvilon
Fedhas
Gozag
Hepliaklqana
Kikubaaqudgha
Makhleb
Nemelex Xobeh
Okawaru
Qazlal
Ru
Sif Muna
Trog
Uskayaw
Vehumet
Wu Jian
Xom
Yredelemnul
Zin
The Shining One
Beogh

Shops:
D:7 ?[   Orc:2 *!:[

Annotations:
D:7 2 runed translucent doors, Foxy's ghost, novice CoBr
Shoals:1 Jorgrun


Innate Abilities, Weirdness & Mutations

You can wield a second weapon in your off-hand.
It takes a long time for you to wield or remove held weapons.
Your first few attacks do less damage.
You cannot equip rings or amulets.


Message History

You shoot a slug. The slug hits Aizul!
The slug freezes Aizul.
Aizul is almost dead.
You feel extremely sick.
Aizul coils herself and waves her upper body at you.
The bolt of poison is repelled.
The grasping roots constrict you.
Aizul says, "Sweet dreams!"
Aizul hits you but does no damage.
The sea snake bites you but does no damage.
The grasping roots constrict you.
You shoot a slug. The slug hits Aizul.
The slug freezes Aizul.
Aizul is almost dead.
You shoot a slug. The slug hits Aizul!!
You kill Aizul!
Okawaru accepts your kill. Okawaru grants you throwing weapons!
Something appears at your feet!
You feel extremely sick.
The sea snake bites you but does no damage.
The sea snake barely misses you.
Unknown command.
Unknown command.
The roots' grasp on you weakens, but your attempt to escape fails.
You feel extremely sick. The grasping roots constrict you.
The sea snake bites you.
You are lethally poisoned!
The sea snake poisons you!
Unknown command.
Unknown command.
Unknown command.
You escape the roots' grasp.
* * * LOW HITPOINT WARNING * * *
You feel extremely sick.
The sea snake bites you but does no damage.
Jorgrun gestures next to you while chanting.
The wall shatters!
The blast of rock fragments hits you!!
* * * LOW HITPOINT WARNING * * *
The blast of rock fragments hits the sea snake!!!
You hear a shout!
You climb upwards.
Welcome back to the Lair of Beasts!
You die...

...# ####.......## ##.##
...###..##.......# ##..##
...'.....###...### #P.#.#
....#...## #.#.# ##.###
.+####### ##...# #..# ..#
##....### ####..###### P##
#.#..##.###.#..'##.#.# ####
##........##.........## ...#
#.......@.#[.........## ...#
#........S÷#.........P# ...#
#.....................# ...#
##..........#.........##
...#####................>....#
...#.P#..#...................#
...................#.........##
...##..###.........#..........#
...##### ####..##.##.......<..#


You could see a sea snake.

Vanquished Creatures
  Aizul (Shoals:1)
  An orc warlord (Orc:2)
  A minotaur (Gauntlet)
  Snorg (Lair:4)
  4 hydras
  2 ice dragons
  Fannar (Orc:2)
  An ogre mage (Orc:1)
  A merfolk avatar (Lair:5)
  A boulder beetle (Lair:4)
  9 two-headed ogres
  Urug (Lair:2)
  5 orc high priests (Orc:2)
  An occultist (Gauntlet)
  A sea snake (Lair:5)
  An orb spider (Lair:2)
  3 skysharks (Lair:5)
  An arcanist (Gauntlet)
  3 orc knights (Orc:2)
  8 orc sorcerers (Orc:2)
  An oklob plant (Gauntlet)
  2 obsidian bats (Orc:2)
  3 manticores
  A cyclops (D:11)
  17 elephants (Lair:5)
  2 ice statues (IceCv)
  6 black mambas
  4 kobold blastminers
  2 torpor snails
  19 cane toads
  A gargoyle (D:11)
  Maggie (D:6)
  7 rime drakes
  Psyche (D:8)
  17 komodo dragons
  An ice devil (Gauntlet)
  A merfolk (Shoals:1)
  7 trolls
  5 polar bears
  A wind drake (Lair:2)
  A hornet (Lair:5)
  5 dream sheep (Lair:3)
  A snapping turtle (Lair:5)
  23 blink frogs
  A shadow (D:11)
  7 wyverns
  Eustachio (D:4)
  43 yaks
  2 vampires
  2 wargs (Orc:2)
  5 steam dragons
  Grum (D:9)
  4 vampire mosquitoes (D:10)
  3 acid dragons
  21 water moccasins
  38 orc warriors
  A swamp drake (Lair:1)
  3 sky beasts (D:6)
  2 black bears
  11 wolves
  6 ice beasts
  20 ogres
  3 centaurs
  A phantom (D:4)
  Blork the orc (D:4)
  4 kobold brigands
  11 bullfrogs
  A scorpion (D:4)
  10 killer bees
  2 lindwurm simulacra (IceCv)
  6 electric eels (D:7)
  A howler monkey (D:6)
  7 komodo dragon simulacra (IceCv)
  4 hounds
  4 jellies
  30 orc priests
  A bombardier beetle (D:7)
  2 gnoll boudas
  7 iguanas
  24 orc wizards
  Robin (D:3)
  5 adders
  8 gnolls
  7 acid dragon simulacra (IceCv)
  2 shadow imps
  8 white imps
  5 steam dragon simulacra (IceCv)
  A ribbon worm (D:3)
  A dart slug (D:2)
  111 orcs
  10 ball pythons
  5 bats
  10 endoplasms
  6 giant cockroaches
  21 goblins
  9 hobgoblins
  8 jackals
  4 quokkas
  4 frilled lizards
  15 kobolds
  A rat (D:1)
708 creatures vanquished.

Vanquished Creatures (others)
  An orc warrior (Orc:1)
  An orc priest (Orc:1)
  2 kobolds (D:9)
4 creatures vanquished.

Grand Total: 712 creatures vanquished

Notes
Turn   | Place    | Note
-------+----------+-------------------------------------------
     0 | D:1      | Biggs the Coglin Hunter began the quest for the Orb.
     0 | D:1      | Reached XP level 1. HP: 16/16 MP: 1/1
   144 | D:1      | Reached skill level 4 in Ranged Weapons
   144 | D:1      | Reached XP level 2. HP: 22/22 MP: 2/2
   228 | D:1      | Found a faded altar of an unknown god.
   580 | D:1      | Reached XP level 3. HP: 27/27 MP: 3/3
  1018 | D:2      | Reached skill level 5 in Ranged Weapons
  1018 | D:2      | Reached XP level 4. HP: 33/33 MP: 4/4
  1413 | D:3      | You fall into a shaft and drop 2 floors!
  1413 | D:5      | Entered Level 5 of the Dungeon
  1417 | D:5      | Noticed an ogre
  1421 | D:5      | Killed an ogre
  1422 | D:5      | Reached XP level 5. HP: 38/38 MP: 5/5
  1428 | D:5      | Noticed a water moccasin
  1450 | D:4      | Reached skill level 6 in Ranged Weapons
  1451 | D:4      | Noticed Eustachio
  1493 | D:4      | Killed Eustachio
  1494 | D:4      | Reached skill level 7 in Ranged Weapons
  1494 | D:4      | Reached XP level 6. HP: 8/44 MP: 6/6
  1804 | D:4      | Found a shadowy altar of Dithmenos.
  1814 | D:4      | Reached XP level 7. HP: 44/50 MP: 7/7
  2080 | D:3      | Reached skill level 8 in Ranged Weapons
  2262 | D:3      | Found a white marble altar of Elyvilon.
  2434 | D:3      | Noticed Robin
  2454 | D:3      | Killed Robin
  2688 | D:4      | Identified the +7 halberd "Zeyx" {flame, rElec rPois rCorr
                  | Str-5}
  2861 | D:4      | Found a staircase to the Ecumenical Temple.
  2911 | Temple   | Entered the Ecumenical Temple
  2967 | D:4      | Noticed Blork the orc
  2985 | D:4      | Killed Blork the orc
  3117 | D:5      | Reached XP level 8. HP: 29/56 MP: 8/8
  3417 | D:5      | Found a sparkling altar of Nemelex Xobeh.
  3867 | D:6      | Reached skill level 5 in Fighting
  3935 | D:6      | Reached skill level 9 in Ranged Weapons
  3960 | D:6      | Reached XP level 9. HP: 57/68 MP: 9/9
  4249 | D:6      | Reached skill level 1 in Evocations
  4697 | D:6      | Noticed Maggie
  4711 | D:6      | Killed Maggie
  4712 | D:6      | Reached skill level 5 in Evocations
  4900 | D:7      | Found Uzueth's Magic Scroll Shop.
  4975 | D:7      | Found Erein's Antique Armour Shoppe.
  5015 | D:7      | Bought a scroll of teleportation for 39 gold pieces
  5078 | D:7      | Found a large runed translucent door.
  5079 | D:7      | Found a large runed translucent door.
  5080 | D:7      | Noticed Foxy's ghost (novice CoBr)
  5087 | D:7      | Found an ornate altar of the Wu Jian Council.
  5301 | D:7      | Reached skill level 10 in Ranged Weapons
  5690 | D:8      | Found a stormy altar of Qazlal.
  5844 | D:8      | Noticed a rime drake
  5853 | D:8      | Noticed a polar bear
  5872 | D:8      | Killed a rime drake
  5883 | D:8      | Killed a polar bear
  5884 | D:8      | Reached skill level 11 in Ranged Weapons
  5884 | D:8      | Reached XP level 10. HP: 17/74 MP: 10/10
  6245 | D:8      | Noticed Psyche
  6266 | D:8      | Killed Psyche
  6375 | D:8      | Identified the +6 scale mail of the Centipede {rPois rCorr
                  | Int+2 Stlth+}
  6388 | D:8      | Found a staircase to the Lair.
  6418 | D:8      | Reached skill level 12 in Ranged Weapons
  7959 | D:9      | Reached skill level 13 in Ranged Weapons
  7961 | D:9      | Noticed Grum
  8206 | D:9      | Found a radiant altar of Vehumet.
  8300 | D:9      | Killed Grum
  8464 | D:9      | Reached XP level 11. HP: 79/79 MP: 11/11
  8609 | D:10     | Entered Level 10 of the Dungeon
  8762 | D:10     | Found a staircase to the Orcish Mines.
  8820 | D:10     | Reached skill level 14 in Ranged Weapons
  8954 | D:10     | Found a shimmering altar of Xom.
  8956 | D:10     | Found a shimmering altar of Xom.
  8956 | D:10     | Found a shimmering altar of Xom.
  8956 | D:10     | Found a shimmering altar of Xom.
  8957 | D:10     | Found a shimmering altar of Xom.
  8958 | D:10     | Found a shimmering altar of Xom.
  8958 | D:10     | Found a shimmering altar of Xom.
  8959 | D:10     | Found a shimmering altar of Xom.
  8964 | D:10     | Found a shimmering altar of Xom.
  9286 | D:10     | Found a glowing silver altar of Zin.
  9289 | D:10     | Identified the +0 plate armour of Anarchy {rF- Int+6}
  9301 | D:10     | Found an iron altar of Okawaru.
  9419 | D:10     | Became a worshipper of Warmaster Okawaru
  9506 | Orc:1    | Entered Level 1 of the Orcish Mines
 10137 | Orc:2    | Entered Level 2 of the Orcish Mines
 10137 | Orc:2    | Noticed a two-headed ogre
 10425 | D:11     | Noticed a cyclops
 10425 | D:11     | Noticed a manticore
 10451 | D:11     | Killed a cyclops
 10503 | D:11     | Noticed an occultist
 10511 | D:11     | Noticed a two-headed ogre
 10522 | D:11     | Noticed a cyclops
 10531 | D:10     | Reached * piety under Okawaru
 11027 | D:11     | Noticed a skeletal warrior
 11027 | D:11     | Noticed a skeletal warrior
 11027 | D:11     | Noticed a skeletal warrior
 11162 | Lair:1   | Entered Level 1 of the Lair of Beasts
 11621 | Lair:1   | Reached ** piety under Okawaru
 11651 | Lair:1   | Reached skill level 10 in Fighting
 11666 | Lair:1   | Reached skill level 5 in Dodging
 11671 | Lair:1   | Reached XP level 12. HP: 89/97 MP: 12/12
 11752 | Lair:1   | Reached *** piety under Okawaru
 12637 | Lair:2   | Reached **** piety under Okawaru
 12941 | Lair:2   | Found a hole to the Spider Nest.
 13213 | Lair:2   | Noticed Urug
 13501 | Lair:2   | Reached ***** piety under Okawaru
 13794 | Lair:2   | Killed Urug
 13795 | Lair:2   | Reached skill level 10 in Dodging
 13862 | Lair:2   | Found a staircase to the Shoals.
 13963 | Lair:2   | Identified a scroll of acquirement
 14108 | D:7      | Bought a scroll of acquirement for 676 gold pieces
 14186 | Lair:1   | Acquired 656 gold pieces
 14188 | Lair:1   | Acquired a +1 heavy hand cannon
 14259 | Lair:3   | Found an ancient bone altar of Kikubaaqudgha.
 14290 | Lair:3   | Reached XP level 13. HP: 103/103 MP: 13/13
 14466 | Lair:3   | Received a gift from Okawaru
 14472 | Lair:3   | Found a frozen archway.
 14474 | Lair:3   | Noticed an ice dragon
 14486 | Lair:3   | Killed an ice dragon
 14492 | Lair:3   | Reached skill level 15 in Ranged Weapons
 14615 | IceCv    | Entered an ice cave
 15030 | IceCv    | Noticed an ice dragon
 15054 | IceCv    | Killed an ice dragon
 15218 | IceCv    | Got the Papyrus of the Crevasse
 15303 | IceCv    | Found the +7 great mace "Undeadhunter" {deathbane, rN+}
 15615 | Lair:3   | Reached ****** piety under Okawaru
 15869 | Lair:3   | Received a gift from Okawaru
 16029 | Lair:4   | Reached skill level 16 in Ranged Weapons
 16032 | Lair:4   | Noticed Snorg
 16041 | Lair:4   | Killed Snorg
 16332 | Lair:4   | Acquired a +2 cloak of willpower
 16332 | Lair:4   | Received a gift from Okawaru
 16339 | Lair:4   | Acquired a +1 hand cannon of freezing
 16339 | Lair:4   | Received a gift from Okawaru
 16878 | Lair:4   | Found a staircase to the Slime Pits.
 17137 | Lair:5   | Entered Level 5 of the Lair of Beasts
 17147 | Lair:5   | Received a gift from Okawaru
 17158 | Lair:5   | Found a gate leading to a gauntlet.
 17170 | Lair:5   | Reached skill level 17 in Ranged Weapons
 17170 | Lair:5   | Reached XP level 14. HP: 79/110 MP: 14/14
 17192 | Gauntlet | Entered a Gauntlet
 17192 | Gauntlet | Found a transporter.
 17192 | Gauntlet | Found a transporter.
 17350 | Gauntlet | Found a transporter.
 17362 | Gauntlet | Found a transporter.
 17379 | Gauntlet | Found a transporter.
 17379 | Gauntlet | Found a transporter.
 17384 | Gauntlet | Found a transporter.
 17384 | Gauntlet | Found a transporter.
 17387 | Gauntlet | Found a transporter.
 17399 | Gauntlet | Found a transporter.
 17413 | Gauntlet | Found a transporter.
 17423 | Gauntlet | Found a transporter.
 17437 | Gauntlet | Found a transporter.
 17461 | Gauntlet | Found a transporter.
 17853 | Gauntlet | Identified the ring of the Good {Fly Int+2}
 17890 | Lair:5   | Acquired a neodymium gigamatrix {rF+ rC+ Clar RMsl}
 17961 | Lair:5   | Received a gift from Okawaru
 17985 | Lair:5   | Reached skill level 18 in Ranged Weapons
 17991 | Lair:5   | Reached skill level 1 in Armour
 18236 | Lair:5   | Reached skill level 1 in Invocations
 18244 | Lair:5   | Identified the +4 trident of the Pits of Slime {freeze,
                  | +Blink rC+ Int+7}
 18712 | Lair:5   | Received a gift from Okawaru
 18836 | Lair:5   | Reached skill level 5 in Invocations
 19341 | Orc:2    | Reached XP level 15. HP: 115/115 MP: 19/19
 19493 | Orc:2    | Received a gift from Okawaru
 19888 | Orc:2    | Found a staircase to the Elven Halls.
 20113 | Orc:2    | Found a roughly hewn altar of Beogh.
 20256 | Orc:2    | Found Ubulas's Armour Boutique.
 20287 | Orc:2    | Found Kuidd's Book Shop.
 20288 | Orc:2    | Paralysed by an orc sorcerer for 2 turns
 20397 | Orc:2    | Received a gift from Okawaru
 20572 | Orc:2    | Found Utwom's Distillery.
 20580 | Orc:2    | Bought a potion of curing for 51 gold pieces
 20580 | Orc:2    | Bought 2 potions of curing for 102 gold pieces
 20580 | Orc:2    | Bought a potion of curing for 51 gold pieces
 20580 | Orc:2    | Bought a potion of mutation for 136 gold pieces
 20613 | Orc:2    | Found Karorgh's General Store.
 20622 | Orc:2    | Bought a potion of heal wounds for 80 gold pieces
 20636 | Orc:2    | Found a roughly hewn altar of Beogh.
 20637 | Orc:2    | Noticed an orc warlord
 20644 | Orc:2    | Killed an orc warlord
 21057 | Orc:1    | Noticed Fannar
 21065 | Orc:2    | Killed Fannar
 21586 | Shoals:1 | Entered Level 1 of the Shoals
 21586 | Shoals:1 | Identified the serpent talisman "Jeudemoat" {rF- Int+6}
 21586 | Shoals:1 | Noticed Aizul
 21588 | Shoals:1 | Noticed Jorgrun
 21591 | Shoals:1 | Killed Aizul
 21591 | Shoals:1 | Received a gift from Okawaru
 21593 | Shoals:1 | HP: 2/122 [Jorgrun/blast of rock fragments (19)]
 21594 | Lair:2   | Succumbed to a sea snake's poison

Illustrated notes

Levels and vault maps discovered:
D:1:      dpeg_arrival_shelter, layout_basic, ebering_ecumenical_altar_rust,
          kennysheep_boxes
D:2:      layout_basic, minmay_fractal_squares_5
D:3:      layout_basic, mainiacjoe_overflow_paths, uniq_robin
D:4:      layout_loops_ring, nicolae_dithmenos_through_a_glass_darkly,
          minmay_temple_entry_enclosed_plants, st_stairs_7,
          grunt_decor_junction, uniq_blork_the_orc, uniq_eustachio
D:5:      layout_rooms, mainiacjoe_overflow_small_starburst,
          corexii_mini_fake_secret_closet, minmay_fountain_box,
          grunt_ministairs_10
D:6:      layout_loops_ring, uniq_maggie
D:7:      layout_gridville, mainiacjoe_overflow_chevrons,
          ebering_ghost_disaster_area, serial_bayou, serial_bayou_shore_a,
          serial_bayou_pond_e, serial_bayou_shore_b, serial_bayou_crossing,
          nicolae_wooded_promenade, minmay_misc_feat_room, minmay_misc_feat_tiny
D:8:      layout_loops_corners, mainiacjoe_overflow_brackets,
          hellmonk_lair_entry_icy, st_stairs_4, grunt_ministairs_14, uniq_psyche
D:9:      layout_big_octagon, fiery_altar_vehumet, grunt_decor_fettered,
          uniq_grum
D:10:     layout_roguey, xom_shifter_show, mainiacjoe_overflow_swirl,
          hiddenorc2_lemuel
D:11:     minmay_the_grid_triangle_9x9_recursive_3_mashed
          [minmay_the_grid_triangle_9x9_corruption,
          minmay_the_grid_triangle_9x9_cache,
          minmay_the_grid_triangle_9x9_tough_junction,
          minmay_the_grid_triangle_9x9_prize_special,
          minmay_the_grid_triangle_9x9_negative_grid,
          minmay_the_grid_triangle_9x9_empty,
          minmay_the_grid_triangle_9x9_longest,
          minmay_the_grid_triangle_9x9_corrupted_corridor,
          minmay_the_grid_triangle_9x9_warning], layout_stronghold
Temple:   oiseaux_autumnal_temple
Lair:1:   layout_hall_layers, hibernation_bobbens
Lair:2:   layout_roguey, minmay_shoals_entry_beasts,
          nicolae_spider_entry_orb_guardian, grunt_megastairs_2, uniq_urug
Lair:3:   layout_hall_layers, portal_ice_cave_entry_animals_and_master,
          basic_altar, grunt_megastairs_5, lemuel_fruit_tree
Lair:4:   layout_regular_city, slime_entry_2, nzn_sisyphean_effort,
          lemuel_fruit_fields, uniq_snorg
Lair:5:   gammafunk_lair_ancient_temple, layout_regular_city,
          gauntlet_entry_generic
Shoals:1: layout_shoals, nicolae_specific_store,
          nicolae_shoals_dead_sea_scrolls, uniq_jorgrun, uniq_aizul
Orc:1:    layout_caves, uniq_fannar
Orc:2:    pubby_orc_utopia

Skill      XL: |  1  2  3  4  5  6  7  8  9 10 11 12 13 14 15 |
---------------+----------------------------------------------+-----
Ranged Weapons | 4 5 7 8 9 11 13 14 17 18 | 18.0
Dodging        | 3 4 5 10 | 10.5
Fighting       | 5 10 12 | 12.4
Evocations     | 5 |  5.0
Armour         | 4 |  4.7
Invocations    | 5 8 |  8.0
Stealth        | |  0.7

Action                     |  1- 3 |  4- 6 |  7- 9 | 10-12 | 13-15 || total
---------------------------+-------+-------+-------+-------+-------++-------
  Melee: Sling             |       |       |     8 |       |       ||     8
   Fire: Sling             |   146 |   178 |   802 |  1698 |   155 ||  2979
         Hand cannon       |       |       |       |    22 |  1297 ||  1319
 Invoke: Receive Weapon    |       |       |       |       |     1 ||     1
         Receive Armour    |       |       |       |       |     1 ||     1
Ability: Invent Gizmo      |       |       |       |       |     1 ||     1
  Evoke: Wand              |       |       |       |     6 |       ||     6
    Use: Potion            |       |       |     1 |       |       ||     1
         Scroll            |       |       |     7 |    19 |    12 ||    38
 Armour: Leather armour    |     8 |    22 |    97 |       |       ||   127
         Steam dragon scal |       |       |    54 |   274 |   139 ||   467
         Robe              |       |       |       |       |    33 ||    33
         Troll leather arm |       |       |       |       |   114 ||   114
  Dodge: Dodged            |     3 |    16 |   124 |   275 |   401 ||   819
         Repelled          |       |       |       |       |    16 ||    16

Table legend: (Time is in decaauts)
 A = Elapsed time spent in this place.
 B = Non-inter-level travel time spent in this place.
 C = Inter-level travel time spent in this place.
 D = Time resting spent in this place.
 E = Time spent auto-exploring this place.
 F = Levels seen in this place.
 G = Mean time per level.
                   A        B        C        D        E       F      G
               +--------+--------+--------+--------+--------+-----+--------+
         Total |  21735 |  20273 |   1462 |   2802 |  13604 |  22 |  988.0 |
       Dungeon |  11662 |  10682 |    980 |   1307 |   7593 |  11 | 1060.2 |
        Temple |      1 |      1 |      0 |      0 |      0 |   1 |    1.0 |
          Lair |   6107 |   5712 |    395 |    611 |   4083 |   5 | 1221.4 |
        Shoals |      9 |      9 |      0 |      0 |      0 |   1 |    9.0 |
  Orcish Mines |   2502 |   2416 |     86 |    368 |   1470 |   2 | 1251.0 |
      Ice Cave |    749 |    749 |      0 |    179 |    431 |   1 |  749.0 |
      Gauntlet |    701 |    701 |      0 |    337 |     26 |   1 |  701.0 |
               +--------+--------+--------+--------+--------+-----+--------+

Top non-repeatable levels by time:
     D:8: 2027 daAuts
   Orc:2: 1921 daAuts
    D:10: 1699 daAuts
     D:7: 1441 daAuts
  Lair:5: 1395 daAuts
  Lair:2: 1259 daAuts
     D:6: 1227 daAuts
  Lair:4: 1206 daAuts
  Lair:1: 1188 daAuts
  Lair:3: 1057 daAuts
     D:4: 957 daAuts
     D:9: 837 daAuts
     D:3: 809 daAuts
     D:5: 752 daAuts
   IceCv: 749 daAuts
